Pick #1

Connor Bedard
Pick #2

Leo Carlsson
Pick #3

Adam Fantilli
Pick #4

Matvei Michkov
Pick #5

David Reinbacher
Pick #6

William Smith
Pick #7

Zachary Benson
Pick #8

Ryan Leonard
Pick #9

Gabriel Perreault
Pick #10

Axel Sandin-Pellika
Pick #11

Daniil But
Pick #12

Dalibor Dvorsky
Pick #13

Quentin Musty
Pick #14

Brayden Yager
Pick #15

Dmitry Simashev
Pick #16

Colby Barlow
Pick #17

Andrew Cristall
Pick #18

Easton Cowan
Pick #19

Jacob Fowler
Pick #20

Oliver Moore
Pick #21

Oliver Bonk
Pick #22

Tom Willander
Pick #23

Calum Ritchie
Pick #24

Tanner Molendyk
Pick #25

Gavin Brindley
Pick #26

Nate Danielson
Pick #27

Pick #28

Pick #29

Pick #30

Pick #31

Pick #32

Pick #33

Pick #34

Pick #35

Pick #36

Pick #37

Pick #38

Pick #39

Pick #40

Pick #41

Pick #42

Pick #43

Pick #44

Pick #45

Pick #46

Pick #47

Pick #48

Pick #49

Pick #50

Pick #51

Pick #52

Pick #53

Pick #54

Pick #55

Pick #56

Pick #57

Pick #58

Pick #59

Pick #60

Pick #61

Pick #62

Pick #63

Pick #64

Pick #65

Pick #66

Pick #67

Pick #68

Pick #69

Pick #70

Pick #71

Pick #72

Pick #73

Pick #74

Pick #75

Pick #76

Pick #77

Pick #78

Pick #79

Pick #80

Pick #81

Pick #82

Pick #83

Pick #84

Pick #85

Pick #86

Pick #87

Pick #88

Pick #89

Pick #90

Pick #91

Pick #92

Pick #93

Pick #94

Pick #95

Pick #96

Pick #97

Pick #98

Pick #99

Pick #100

Pick #101

Pick #102

Pick #103

Pick #104

Pick #105

Pick #106

Pick #107

Pick #108

Pick #109

Pick #110

Pick #111

Pick #112

Pick #113

Pick #114

Pick #115

Pick #116

Pick #117

Pick #118

Pick #119

Pick #120

Pick #121

Pick #122

Pick #123

Pick #124

Pick #125

Pick #126

Pick #127

Pick #128

Pick #129

Pick #130

Full Scoreboard »»

Canucks vs Stars

Created - December 20, 2023 at 08:55

Goals
1 2 3 OT1 SO T
Canucks 1 1 0 0 1 2
Stars 0 1 1 0 2 3
Shots
1 2 3 OT1 SO T
Canucks 7 8 7 3 3 25
Stars 8 15 10 2 2 35

GoalsPenalties
1st period
1. Canucks , Mathew Barzal 5 (Brayden Point 15) at 10:50
Morgan Rielly (VAN) for Hooking (Minor) at 1:09
Henri Jokiharju (DAL) for Roughing (Minor) at 6:18
Sean Durzi (DAL) for Hooking (Minor) at 14:31
2nd period
2. Canucks , Brayden Point 11 (Mitch Marner 17) at 4:01 (PP)
3. Stars , Elias Lindholm 14 (Timo Meier 18, Tanner Pearson 1) at 19:39
Sean Durzi (DAL) for Hooking (Minor) at 3:57
Samuel Girard (VAN) for Interference (Minor) at 12:04
3rd period
4. Stars , Vincent Trocheck 7 (Marcus Pettersson 8) at 6:55
Sean Durzi (DAL) for Holding (Minor) at 8:52
Kevin Hayes (VAN) for Hooking (Minor) at 12:31
Overtime #1
No Goal
Shootout
Canucks, Mitch Marner - Shot Misses the Net
Stars, Elias Lindholm - Goal!
Canucks, Brayden Point - Goal!
Stars, Timo Meier - Goal!
Canucks, Martin Necas - Shot Misses the Net
Goalie Stats
Jeremy Swayman (VAN), 33 saves from 35 shots - (0.943), OTL, 11-8-3, 65:00 minutes
Thatcher Demko (DAL), 23 saves from 25 shots - (0.920), W, 8-7-3, 65:00 minutes
3 StarsOfficial
1 - Vincent Trocheck (DAL)
2 - Brayden Point (VAN)
3 - Jeremy Swayman (VAN)
Referees : Garrett Rank and Jake Brenk
Linesman : Ryan Gibbons and Brian Mach
Game Note
No Game Note
Finance
Level 1 -- Attendance: 3535 (58.92%) -- Ticket Income $618,625
Level 2 -- Attendance: 2986 (59.72%) -- Ticket Income $373,250
Level 3 -- Attendance: 1749 (87.45%) -- Ticket Income $208,131
Level 4 -- Attendance: 2479 (54.70%) -- Ticket Income $96,681
Luxury Box -- Attendance: 575 (57.50%) -- Ticket Income $172,500
Game was played at the American Airlines Center.
Total Attendance: 11324 (61.11%)
Total Ticket Income: $1,469,187
Other Income: $367,297
Total Income: $1,836,484



Team Name Goals Shots Shots Attemp Shots Blocked PIM HIT PP PK FO%
Canucks 2255486231 / 4 (25%)040%
Stars 33581108150 / 3 (0%)160%

Canucks
Player Name POS G A P +/- PIM HIT SHT SB MP PP MP PP SHT PK MP PK SHT FO% FOT
Alec MartinezD000-1010014:510:0002:2900% 0
Alex NewhookC000001106:160:0000:0000% 0
Boone JennerC0000022018:312:4002:59038% 16
Bowen ByramD0000031225:503:2102:3000% 0
Brayden PointC1120014020:423:2110:00035% 20
Cody GlassC000000006:160:0000:00040% 5
Conor GarlandRW000001106:160:0000:0000% 0
J.J. MoserD0000042022:182:4012:3000% 0
Jason ZuckerLW000-1021015:380:0000:00067% 3
Kevin HayesC0000201012:532:4010:00050% 10
Marcus JohanssonLW0000003013:120:0002:58033% 3
Martin NecasC0000021222:543:2102:440100% 2
Mathew BarzalC1010002119:292:4000:0000% 1
Mitch MarnerC/LW/RW011-1011020:373:2100:14063% 8
Morgan RiellyD0000211227:053:2102:0510% 0
Ryan Nugent-HopkinsC000-1013023:582:4012:59025% 20
Samuel GirardD0000231119:520:0002:2000% 0
Ty SmithD000-1000012:220:0000:0000% 0
Stars
Player Name POS G A P +/- PIM HIT SHT SB MP PP MP PP SHT PK MP PK SHT FO% FOT
Anton LundellC0001011013:530:0000:0000% 0
Carter VerhaegheC0000000020:193:3300:000100% 3
Elias LindholmC1010005127:362:2413:48052% 42
Evan BouchardD0001022027:202:2913:1200% 0
Gustav ForslingD0001001228:072:2913:0400% 0
Henri JokiharjuD0001201113:420:0000:0000% 0
Marcus PetterssonD0111020015:380:0001:5500% 0
Nathan BastianRW000000000:000:0000:0000% 0
Nazem KadriC0000023022:343:3311:43159% 17
Nick JensenD000-1010020:543:2802:5700% 0
Phil KesselRW000000001:170:0000:000100% 1
Rickard RakellRW0000024019:293:3300:00033% 3
Sean DurziD000-1600519:153:2800:5400% 0
Seth JarvisC000000000:000:0000:0000% 0
Tanner PearsonLW0110003020:172:2400:300100% 2
Timo MeierRW0110038026:192:2423:4800% 0
Viktor ArvidssonRW0001003114:500:0000:3000% 0
Vincent TrocheckC1011024017:250:0001:43070% 20



Play-by-Play

1st period


0:01 of 1st period - Elias Lindholm wins face-off versus Brayden Point in neutral zone.
0:06 of 1st period - Bowen Byram is hit by Timo Meier and loses puck.
0:38 of 1st period - Shot by Tanner Pearson.
0:38 of 1st period - Shot Misses the Net.
0:40 of 1st period - Shot by Gustav Forsling.
0:40 of 1st period - Shot Misses the Net.
0:42 of 1st period - Shot by Tanner Pearson.
0:42 of 1st period - Shot Misses the Net.
1:09 of 1st period - Minor Penalty to Morgan Rielly for Hooking.
1:10 of 1st period - Boone Jenner wins face-off versus Nazem Kadri in Canucks zone.
2:13 of 1st period - Shot by Elias Lindholm.
2:13 of 1st period - Shot Misses the Net.
2:15 of 1st period - Shot by Timo Meier.
2:15 of 1st period - Stopped by Jeremy Swayman with a rebound.
2:17 of 1st period - Shot by Gustav Forsling.
2:17 of 1st period - Stopped by Jeremy Swayman without a rebound.
2:18 of 1st period - Marcus Johansson wins face-off versus Elias Lindholm in Canucks zone.
3:10 of 1st period - Shot by Rickard Rakell.
3:10 of 1st period - Shot Misses the Net.
3:12 of 1st period - Shot by Henri Jokiharju.
3:12 of 1st period - Shot Misses the Net.
3:17 of 1st period - Viktor Arvidsson is hit by J.J. Moser and loses puck.
4:56 of 1st period - Shot by Mitch Marner.
4:56 of 1st period - Shot Blocked by Sean Durzi.
4:58 of 1st period - Shot by Ryan Nugent-Hopkins.
4:58 of 1st period - Shot Misses the Net.
5:10 of 1st period - Icing by Kevin Hayes.
5:11 of 1st period - Tanner Pearson wins face-off versus Kevin Hayes in Canucks zone.
5:30 of 1st period - Shot by Marcus Johansson.
5:30 of 1st period - Deflect By Boone Jenner.
5:30 of 1st period - Shot Misses the Net.
5:48 of 1st period - Shot by Marcus Johansson.
5:48 of 1st period - Stopped by Thatcher Demko without a rebound.
5:49 of 1st period - Vincent Trocheck wins face-off versus Brayden Point in Stars zone.
6:13 of 1st period - Icing by Marcus Pettersson.
6:14 of 1st period - Mitch Marner wins face-off versus Vincent Trocheck in Stars zone.
6:18 of 1st period - Minor Penalty to Henri Jokiharju for Roughing.
6:19 of 1st period - Mitch Marner wins face-off versus Elias Lindholm in Stars zone.
7:38 of 1st period - Shot by J.J. Moser.
7:38 of 1st period - Shot Blocked by Sean Durzi.
7:40 of 1st period - Shot by J.J. Moser.
7:40 of 1st period - Shot Misses the Net.
7:50 of 1st period - Shot by Ryan Nugent-Hopkins.
7:50 of 1st period - Stopped by Thatcher Demko without a rebound.
7:51 of 1st period - Elias Lindholm wins face-off versus Mitch Marner in Stars zone.
8:14 of 1st period - Vincent Trocheck is hit by Martin Necas and loses puck.
8:23 of 1st period - Shot by Cody Glass.
8:23 of 1st period - Shot Misses the Net.
8:33 of 1st period - Shot by Conor Garland.
8:33 of 1st period - Shot Misses the Net.
9:29 of 1st period - Shot by Boone Jenner.
9:29 of 1st period - Stopped by Thatcher Demko without a rebound.
9:30 of 1st period - Elias Lindholm wins face-off versus Ryan Nugent-Hopkins in Stars zone.
9:36 of 1st period - Timo Meier is hit by Bowen Byram and loses puck.
9:58 of 1st period - Icing by Ryan Nugent-Hopkins.
9:59 of 1st period - Ryan Nugent-Hopkins wins face-off versus Vincent Trocheck in Canucks zone.
10:12 of 1st period - Shot by Viktor Arvidsson.
10:12 of 1st period - Shot Misses the Net.
10:27 of 1st period - Shot by Vincent Trocheck.
10:27 of 1st period - Stopped by Jeremy Swayman without a rebound.
10:28 of 1st period - Brayden Point wins face-off versus Elias Lindholm in Canucks zone.
10:28 of 1st period - Brayden Point is hit by Timo Meier.
10:35 of 1st period - Off-side.
10:36 of 1st period - Brayden Point wins face-off versus Elias Lindholm in neutral zone.
10:46 of 1st period - Shot by Brayden Point.
10:46 of 1st period - Shot Blocked by Sean Durzi.
10:50 of 1st period - Shot by Mathew Barzal.
10:50 of 1st period - Goal by Mathew Barzal - Canucks : 1 - Stars : 0.
10:51 of 1st period - Kevin Hayes wins face-off versus Rickard Rakell in neutral zone.
11:12 of 1st period - Shot by Rickard Rakell.
11:12 of 1st period - Shot Blocked by Samuel Girard.
11:14 of 1st period - Shot by Carter Verhaeghe.
11:14 of 1st period - Shot Misses the Net.
11:26 of 1st period - Shot by Nazem Kadri.
11:26 of 1st period - Shot Misses the Net.
11:43 of 1st period - Icing by Samuel Girard.
11:44 of 1st period - Elias Lindholm wins face-off versus Boone Jenner in Canucks zone.
11:58 of 1st period - Sean Durzi is hit by Samuel Girard.
12:05 of 1st period - Timo Meier is hit by Samuel Girard and loses puck.
12:17 of 1st period - Timo Meier is hit by Samuel Girard and loses puck.
12:24 of 1st period - Shot by Timo Meier.
12:24 of 1st period - Deflect By Elias Lindholm.
12:24 of 1st period - Shot Misses the Net.
13:45 of 1st period - Icing by Gustav Forsling.
13:46 of 1st period - Nazem Kadri wins face-off versus Ryan Nugent-Hopkins in Stars zone.
13:53 of 1st period - Icing by Alec Martinez.
13:54 of 1st period - Elias Lindholm wins face-off versus Ryan Nugent-Hopkins in Canucks zone.
13:57 of 1st period - Shot by Elias Lindholm.
13:57 of 1st period - Deflect By Timo Meier.
13:57 of 1st period - Stopped by Jeremy Swayman with a rebound.
14:08 of 1st period - Off-side.
14:09 of 1st period - Cody Glass wins face-off versus Nazem Kadri in neutral zone.
14:31 of 1st period - Minor Penalty to Sean Durzi for Hooking.
14:32 of 1st period - Boone Jenner wins face-off versus Elias Lindholm in Stars zone.
14:35 of 1st period - Shot by Kevin Hayes.
14:35 of 1st period - Stopped by Thatcher Demko without a rebound.
14:36 of 1st period - Mitch Marner wins face-off versus Elias Lindholm in Stars zone.
15:01 of 1st period - Shot by Morgan Rielly.
15:01 of 1st period - Shot Blocked by Elias Lindholm.
15:43 of 1st period - Shot by Nazem Kadri.
15:43 of 1st period - Stopped by Jeremy Swayman with a rebound.
15:53 of 1st period - Shot by J.J. Moser.
15:53 of 1st period - Stopped by Thatcher Demko without a rebound.
15:54 of 1st period - Elias Lindholm wins face-off versus Boone Jenner in Stars zone.
16:38 of 1st period - Carter Verhaeghe is hit by Conor Garland and loses puck.
16:56 of 1st period - Shot by Nazem Kadri.
16:56 of 1st period - Deflect By Rickard Rakell.
16:56 of 1st period - Stopped by Jeremy Swayman with a rebound.
16:58 of 1st period - Shot by Henri Jokiharju.
16:58 of 1st period - Shot Misses the Net.
17:00 of 1st period - Shot by Nazem Kadri.
17:00 of 1st period - Deflect By Rickard Rakell.
17:00 of 1st period - Stopped by Jeremy Swayman without a rebound.
17:01 of 1st period - Vincent Trocheck wins face-off versus Ryan Nugent-Hopkins in Canucks zone.
18:59 of 1st period - Shot by Marcus Johansson.
18:59 of 1st period - Stopped by Thatcher Demko without a rebound.
19:00 of 1st period - Nazem Kadri wins face-off versus Cody Glass in Stars zone.
19:18 of 1st period - Shot by Nazem Kadri.
19:18 of 1st period - Stopped by Jeremy Swayman without a rebound.
19:19 of 1st period - Vincent Trocheck wins face-off versus Kevin Hayes in Canucks zone.
Goals for this period are 1 for Canucks vs 0 for Stars.
Shots for this period are 7 for Canucks vs 8 for Stars.

2nd period


0:01 of 2nd period - Elias Lindholm wins face-off versus Ryan Nugent-Hopkins in neutral zone.
0:09 of 2nd period - Shot by Timo Meier.
0:09 of 2nd period - Shot Misses the Net.
0:11 of 2nd period - Shot by Evan Bouchard.
0:11 of 2nd period - Stopped by Jeremy Swayman with a rebound.
0:19 of 2nd period - Shot by Elias Lindholm.
0:19 of 2nd period - Shot Misses the Net.
0:21 of 2nd period - Shot by Elias Lindholm.
0:21 of 2nd period - Stopped by Jeremy Swayman without a rebound.
0:22 of 2nd period - Nazem Kadri wins face-off versus Brayden Point in Canucks zone.
0:22 of 2nd period - Carter Verhaeghe is hit by Bowen Byram and loses puck.
0:30 of 2nd period - Rickard Rakell is hit by Morgan Rielly and loses puck.
0:39 of 2nd period - Shot by Brayden Point.
0:39 of 2nd period - Shot Misses the Net.
0:41 of 2nd period - Shot by Bowen Byram.
0:41 of 2nd period - Shot Misses the Net.
0:58 of 2nd period - Shot by Brayden Point.
0:58 of 2nd period - Stopped by Thatcher Demko without a rebound.
0:59 of 2nd period - Ryan Nugent-Hopkins wins face-off versus Elias Lindholm in Stars zone.
1:12 of 2nd period - Elias Lindholm is hit by J.J. Moser.
1:17 of 2nd period - Samuel Girard is hit by Evan Bouchard and loses puck.
1:33 of 2nd period - Elias Lindholm is hit by J.J. Moser.
2:39 of 2nd period - Shot by Brayden Point.
2:39 of 2nd period - Shot Misses the Net.
3:11 of 2nd period - Shot by Rickard Rakell.
3:11 of 2nd period - Stopped by Jeremy Swayman without a rebound.
3:12 of 2nd period - Cody Glass wins face-off versus Elias Lindholm in Canucks zone.
3:33 of 2nd period - Shot by Tanner Pearson.
3:33 of 2nd period - Stopped by Jeremy Swayman without a rebound.
3:34 of 2nd period - Jason Zucker wins face-off versus Nazem Kadri in Canucks zone.
3:34 of 2nd period - Jason Zucker is hit by Rickard Rakell.
3:55 of 2nd period - Ryan Nugent-Hopkins is hit by Nick Jensen and loses puck.
3:57 of 2nd period - Minor Penalty to Sean Durzi for Hooking.
3:58 of 2nd period - Mitch Marner wins face-off versus Elias Lindholm in Stars zone.
4:01 of 2nd period - Shot by Brayden Point.
4:01 of 2nd period - Goal by Brayden Point - Canucks : 2 - Stars : 0.
4:02 of 2nd period - Elias Lindholm wins face-off versus Brayden Point in neutral zone.
4:27 of 2nd period - Shot by Timo Meier.
4:27 of 2nd period - Shot Blocked by Martin Necas.
4:29 of 2nd period - Shot by Tanner Pearson.
4:29 of 2nd period - Shot Misses the Net.
4:31 of 2nd period - Shot by Tanner Pearson.
4:31 of 2nd period - Stopped by Jeremy Swayman without a rebound.
4:32 of 2nd period - Ryan Nugent-Hopkins wins face-off versus Nazem Kadri in Canucks zone.
4:37 of 2nd period - Shot by Samuel Girard.
4:37 of 2nd period - Stopped by Thatcher Demko without a rebound.
4:38 of 2nd period - Nazem Kadri wins face-off versus Ryan Nugent-Hopkins in Stars zone.
4:50 of 2nd period - Rickard Rakell is hit by J.J. Moser and loses puck.
5:05 of 2nd period - Shot by Samuel Girard.
5:05 of 2nd period - Shot Blocked by Sean Durzi.
7:02 of 2nd period - Shot by Henri Jokiharju.
7:02 of 2nd period - Shot Misses the Net.
7:04 of 2nd period - Shot by Henri Jokiharju.
7:04 of 2nd period - Stopped by Jeremy Swayman without a rebound.
7:05 of 2nd period - Mitch Marner wins face-off versus Nazem Kadri in Canucks zone.
7:05 of 2nd period - Mitch Marner is hit by Nazem Kadri.
7:11 of 2nd period - Sean Durzi is hit by Jason Zucker.
7:57 of 2nd period - Off-side.
7:58 of 2nd period - Brayden Point wins face-off versus Vincent Trocheck in neutral zone.
8:01 of 2nd period - Shot by Bowen Byram.
8:01 of 2nd period - Stopped by Thatcher Demko without a rebound.
8:02 of 2nd period - Elias Lindholm wins face-off versus Brayden Point in Stars zone.
8:11 of 2nd period - Shot by Tanner Pearson.
8:11 of 2nd period - Shot Misses the Net.
8:36 of 2nd period - Icing by Bowen Byram.
8:37 of 2nd period - Martin Necas wins face-off versus Vincent Trocheck in Canucks zone.
9:08 of 2nd period - Shot by Mitch Marner.
9:08 of 2nd period - Shot Blocked by Henri Jokiharju.
9:11 of 2nd period - Icing by Marcus Pettersson.
9:12 of 2nd period - Kevin Hayes wins face-off versus Vincent Trocheck in Stars zone.
9:23 of 2nd period - Shot by Vincent Trocheck.
9:23 of 2nd period - Stopped by Jeremy Swayman without a rebound.
9:24 of 2nd period - Ryan Nugent-Hopkins wins face-off versus Elias Lindholm in Canucks zone.
9:35 of 2nd period - Shot by Mitch Marner.
9:35 of 2nd period - Stopped by Thatcher Demko with a rebound.
10:24 of 2nd period - Icing by Mitch Marner.
10:25 of 2nd period - Vincent Trocheck wins face-off versus Ryan Nugent-Hopkins in Canucks zone.
10:40 of 2nd period - Shot by Viktor Arvidsson.
10:40 of 2nd period - Stopped by Jeremy Swayman without a rebound.
10:41 of 2nd period - Nazem Kadri wins face-off versus Brayden Point in Canucks zone.
10:41 of 2nd period - Nazem Kadri is hit by Bowen Byram.
10:59 of 2nd period - Shot by Brayden Point.
10:59 of 2nd period - Deflect By Mathew Barzal.
10:59 of 2nd period - Stopped by Thatcher Demko without a rebound.
11:00 of 2nd period - Elias Lindholm wins face-off versus Marcus Johansson in Stars zone.
11:00 of 2nd period - Elias Lindholm is hit by Boone Jenner.
11:08 of 2nd period - Shot by Tanner Pearson.
11:08 of 2nd period - Stopped by Jeremy Swayman without a rebound.
11:09 of 2nd period - Brayden Point wins face-off versus Elias Lindholm in Canucks zone.
11:09 of 2nd period - Brayden Point is hit by Timo Meier.
11:44 of 2nd period - Shot by Elias Lindholm.
11:44 of 2nd period - Deflect By Tanner Pearson.
11:44 of 2nd period - Shot Misses the Net.
11:46 of 2nd period - Shot by Timo Meier.
11:46 of 2nd period - Shot Blocked by Morgan Rielly.
11:48 of 2nd period - Shot by Elias Lindholm.
11:48 of 2nd period - Shot Misses the Net.
11:50 of 2nd period - Shot by Tanner Pearson.
11:50 of 2nd period - Deflect By Timo Meier.
11:50 of 2nd period - Stopped by Jeremy Swayman without a rebound.
11:51 of 2nd period - Nazem Kadri wins face-off versus Ryan Nugent-Hopkins in Canucks zone.
12:04 of 2nd period - Minor Penalty to Samuel Girard for Interference.
12:05 of 2nd period - Nazem Kadri wins face-off versus Boone Jenner in Canucks zone.
12:19 of 2nd period - Sean Durzi is hit by Martin Necas and loses puck.
12:34 of 2nd period - Shot by Nazem Kadri.
12:34 of 2nd period - Stopped by Jeremy Swayman without a rebound.
12:35 of 2nd period - Elias Lindholm wins face-off versus Boone Jenner in Canucks zone.
12:36 of 2nd period - Shot by Evan Bouchard.
12:36 of 2nd period - Stopped by Jeremy Swayman without a rebound.
12:37 of 2nd period - Elias Lindholm wins face-off versus Boone Jenner in Canucks zone.
13:00 of 2nd period - Shot by Martin Necas.
13:00 of 2nd period - Shot Misses the Net.
13:02 of 2nd period - Shot by Morgan Rielly.
13:02 of 2nd period - Stopped by Thatcher Demko without a rebound.
13:03 of 2nd period - Carter Verhaeghe wins face-off versus Boone Jenner in Stars zone.
13:42 of 2nd period - Morgan Rielly is hit by Nazem Kadri and loses puck.
14:57 of 2nd period - Icing by J.J. Moser.
14:58 of 2nd period - Vincent Trocheck wins face-off versus Cody Glass in Canucks zone.
15:03 of 2nd period - Shot by Viktor Arvidsson.
15:03 of 2nd period - Stopped by Jeremy Swayman without a rebound.
15:04 of 2nd period - Vincent Trocheck wins face-off versus Ryan Nugent-Hopkins in Canucks zone.
15:49 of 2nd period - Shot by Ryan Nugent-Hopkins.
15:49 of 2nd period - Shot Blocked by Viktor Arvidsson.
16:20 of 2nd period - Icing by Mathew Barzal.
16:21 of 2nd period - Elias Lindholm wins face-off versus Mathew Barzal in Canucks zone.
17:17 of 2nd period - Shot by Kevin Hayes.
17:17 of 2nd period - Shot Misses the Net.
17:19 of 2nd period - Shot by J.J. Moser.
17:19 of 2nd period - Shot Misses the Net.
17:21 of 2nd period - Shot by Samuel Girard.
17:21 of 2nd period - Shot Misses the Net.
17:23 of 2nd period - Shot by J.J. Moser.
17:23 of 2nd period - Stopped by Thatcher Demko without a rebound.
17:24 of 2nd period - Jason Zucker wins face-off versus Nazem Kadri in Stars zone.
17:45 of 2nd period - Shot by Rickard Rakell.
17:45 of 2nd period - Shot Misses the Net.
18:44 of 2nd period - Shot by Vincent Trocheck.
18:44 of 2nd period - Shot Misses the Net.
19:31 of 2nd period - Shot by Timo Meier.
19:31 of 2nd period - Stopped by Jeremy Swayman without a rebound.
19:32 of 2nd period - Tanner Pearson wins face-off versus Brayden Point in Canucks zone.
19:39 of 2nd period - Shot by Elias Lindholm.
19:39 of 2nd period - Goal by Elias Lindholm - Canucks : 2 - Stars : 1.
19:40 of 2nd period - Martin Necas wins face-off versus Elias Lindholm in neutral zone.
Goals for this period are 1 for Canucks vs 1 for Stars.
Shots for this period are 8 for Canucks vs 15 for Stars.

3rd period


0:01 of 3rd period - Phil Kessel wins face-off versus Brayden Point in neutral zone.
0:16 of 3rd period - Shot by Carter Verhaeghe.
0:16 of 3rd period - Shot Blocked by Mathew Barzal.
0:20 of 3rd period - Shot by Carter Verhaeghe.
0:20 of 3rd period - Shot Misses the Net.
0:46 of 3rd period - Shot by Elias Lindholm.
0:46 of 3rd period - Stopped by Jeremy Swayman without a rebound.
0:47 of 3rd period - Vincent Trocheck wins face-off versus Ryan Nugent-Hopkins in Canucks zone.
0:56 of 3rd period - Shot by Anton Lundell.
0:56 of 3rd period - Shot Misses the Net.
0:58 of 3rd period - Shot by Sean Durzi.
0:58 of 3rd period - Shot Misses the Net.
1:00 of 3rd period - Shot by Anton Lundell.
1:00 of 3rd period - Stopped by Jeremy Swayman without a rebound.
1:01 of 3rd period - Vincent Trocheck wins face-off versus Kevin Hayes in Canucks zone.
1:01 of 3rd period - Vincent Trocheck is hit by Alec Martinez.
1:11 of 3rd period - Shot by Viktor Arvidsson.
1:11 of 3rd period - Stopped by Jeremy Swayman without a rebound.
1:12 of 3rd period - Elias Lindholm wins face-off versus Ryan Nugent-Hopkins in Canucks zone.
1:17 of 3rd period - Shot by Timo Meier.
1:17 of 3rd period - Shot Misses the Net.
1:19 of 3rd period - Shot by Elias Lindholm.
1:19 of 3rd period - Stopped by Jeremy Swayman without a rebound.
1:20 of 3rd period - Rickard Rakell wins face-off versus Jason Zucker in Canucks zone.
1:58 of 3rd period - Shot by Carter Verhaeghe.
1:58 of 3rd period - Shot Blocked by Morgan Rielly.
2:00 of 3rd period - Shot by Carter Verhaeghe.
2:00 of 3rd period - Deflect By Rickard Rakell.
2:00 of 3rd period - Shot Misses the Net.
2:59 of 3rd period - Icing by Elias Lindholm.
3:00 of 3rd period - Kevin Hayes wins face-off versus Elias Lindholm in Stars zone.
3:04 of 3rd period - Icing by Nick Jensen.
3:05 of 3rd period - Kevin Hayes wins face-off versus Elias Lindholm in Stars zone.
3:06 of 3rd period - Shot by Boone Jenner.
3:06 of 3rd period - Stopped by Thatcher Demko without a rebound.
3:07 of 3rd period - Elias Lindholm wins face-off versus Ryan Nugent-Hopkins in Stars zone.
3:07 of 3rd period - Elias Lindholm is hit by Ryan Nugent-Hopkins.
3:25 of 3rd period - Icing by Mitch Marner.
3:26 of 3rd period - Ryan Nugent-Hopkins wins face-off versus Vincent Trocheck in Canucks zone.
3:26 of 3rd period - Ryan Nugent-Hopkins is hit by Vincent Trocheck.
4:07 of 3rd period - Henri Jokiharju is hit by Jason Zucker and loses puck.
4:39 of 3rd period - Shot by Elias Lindholm.
4:39 of 3rd period - Shot Blocked by Martin Necas.
4:51 of 3rd period - Shot by Timo Meier.
4:51 of 3rd period - Shot Misses the Net.
4:53 of 3rd period - Shot by Nick Jensen.
4:53 of 3rd period - Shot Misses the Net.
4:55 of 3rd period - Shot by Timo Meier.
4:55 of 3rd period - Stopped by Jeremy Swayman without a rebound.
4:56 of 3rd period - Boone Jenner wins face-off versus Rickard Rakell in Canucks zone.
4:58 of 3rd period - Icing by Alec Martinez.
4:59 of 3rd period - Kevin Hayes wins face-off versus Nazem Kadri in Canucks zone.
5:31 of 3rd period - Ty Smith is hit by Evan Bouchard and loses puck.
6:19 of 3rd period - Shot by Martin Necas.
6:19 of 3rd period - Shot Blocked by Sean Durzi.
6:21 of 3rd period - Shot by Martin Necas.
6:21 of 3rd period - Stopped by Thatcher Demko without a rebound.
6:22 of 3rd period - Vincent Trocheck wins face-off versus Ryan Nugent-Hopkins in Stars zone.
6:35 of 3rd period - Shot by Jason Zucker.
6:35 of 3rd period - Shot Misses the Net.
6:55 of 3rd period - Shot by Vincent Trocheck.
6:55 of 3rd period - Goal by Vincent Trocheck - Canucks : 2 - Stars : 2.
6:56 of 3rd period - Brayden Point wins face-off versus Elias Lindholm in neutral zone.
7:44 of 3rd period - Icing by Elias Lindholm.
7:45 of 3rd period - Elias Lindholm wins face-off versus Ryan Nugent-Hopkins in Stars zone.
8:10 of 3rd period - Shot by Ryan Nugent-Hopkins.
8:10 of 3rd period - Stopped by Thatcher Demko without a rebound.
8:11 of 3rd period - Carter Verhaeghe wins face-off versus Kevin Hayes in Stars zone.
8:52 of 3rd period - Minor Penalty to Sean Durzi for Holding.
8:53 of 3rd period - Elias Lindholm wins face-off versus Mitch Marner in Stars zone.
9:19 of 3rd period - Morgan Rielly is hit by Marcus Pettersson and loses puck.
9:52 of 3rd period - Ryan Nugent-Hopkins is hit by Vincent Trocheck and loses puck.
10:38 of 3rd period - Icing by Morgan Rielly.
10:39 of 3rd period - Elias Lindholm wins face-off versus Mitch Marner in Canucks zone.
10:52 of 3rd period - Shot by Timo Meier.
10:52 of 3rd period - Stopped by Jeremy Swayman with a rebound.
11:12 of 3rd period - Ty Smith is hit by Rickard Rakell and loses puck.
11:52 of 3rd period - Shot by Ryan Nugent-Hopkins.
11:52 of 3rd period - Shot Misses the Net.
11:54 of 3rd period - Shot by Jason Zucker.
11:54 of 3rd period - Stopped by Thatcher Demko without a rebound.
11:55 of 3rd period - Vincent Trocheck wins face-off versus Kevin Hayes in Stars zone.
11:55 of 3rd period - Vincent Trocheck is hit by Boone Jenner.
12:11 of 3rd period - Bowen Byram is hit by Anton Lundell and loses puck.
12:20 of 3rd period - Shot by Viktor Arvidsson.
12:20 of 3rd period - Shot Misses the Net.
12:22 of 3rd period - Shot by Gustav Forsling.
12:22 of 3rd period - Shot Misses the Net.
12:31 of 3rd period - Minor Penalty to Kevin Hayes for Hooking.
12:32 of 3rd period - Elias Lindholm wins face-off versus Boone Jenner in Canucks zone.
12:35 of 3rd period - Shot by Sean Durzi.
12:35 of 3rd period - Shot Misses the Net.
12:37 of 3rd period - Shot by Elias Lindholm.
12:37 of 3rd period - Stopped by Jeremy Swayman without a rebound.
12:38 of 3rd period - Elias Lindholm wins face-off versus Marcus Johansson in Canucks zone.
12:45 of 3rd period - Shot by Elias Lindholm.
12:45 of 3rd period - Shot Misses the Net.
12:47 of 3rd period - Shot by Nick Jensen.
12:47 of 3rd period - Shot Blocked by Bowen Byram.
13:10 of 3rd period - Shot by Timo Meier.
13:10 of 3rd period - Deflect By Elias Lindholm.
13:10 of 3rd period - Shot Blocked by Bowen Byram.
13:12 of 3rd period - Shot by Tanner Pearson.
13:12 of 3rd period - Shot Misses the Net.
13:14 of 3rd period - Shot by Timo Meier.
13:14 of 3rd period - Stopped by Jeremy Swayman without a rebound.
13:15 of 3rd period - Nazem Kadri wins face-off versus Boone Jenner in Canucks zone.
13:35 of 3rd period - Icing by Rickard Rakell.
13:36 of 3rd period - Nazem Kadri wins face-off versus Boone Jenner in Stars zone.
14:30 of 3rd period - Shot by Sean Durzi.
14:30 of 3rd period - Shot Misses the Net.
14:38 of 3rd period - Anton Lundell is hit by Alex Newhook.
14:53 of 3rd period - Alex Newhook is hit by Marcus Pettersson and loses puck.
15:00 of 3rd period - Shot by Conor Garland.
15:00 of 3rd period - Deflect By Alex Newhook.
15:00 of 3rd period - Stopped by Thatcher Demko without a rebound.
15:01 of 3rd period - Elias Lindholm wins face-off versus Brayden Point in Stars zone.
15:28 of 3rd period - Shot by Timo Meier.
15:28 of 3rd period - Deflect By Elias Lindholm.
15:28 of 3rd period - Shot Misses the Net.
15:30 of 3rd period - Shot by Elias Lindholm.
15:30 of 3rd period - Shot Misses the Net.
16:02 of 3rd period - Shot by Mitch Marner.
16:02 of 3rd period - Shot Misses the Net.
17:13 of 3rd period - Shot by Kevin Hayes.
17:13 of 3rd period - Shot Misses the Net.
17:37 of 3rd period - Shot by Marcus Johansson.
17:37 of 3rd period - Stopped by Thatcher Demko without a rebound.
17:38 of 3rd period - Vincent Trocheck wins face-off versus Brayden Point in Stars zone.
18:04 of 3rd period - Off-side.
18:05 of 3rd period - Nazem Kadri wins face-off versus Cody Glass in neutral zone.
18:29 of 3rd period - Shot by Conor Garland.
18:29 of 3rd period - Stopped by Thatcher Demko without a rebound.
18:30 of 3rd period - Vincent Trocheck wins face-off versus Brayden Point in Stars zone.
18:30 of 3rd period - Vincent Trocheck is hit by Brayden Point.
18:40 of 3rd period - Shot by Vincent Trocheck.
18:40 of 3rd period - Stopped by Jeremy Swayman without a rebound.
18:41 of 3rd period - Vincent Trocheck wins face-off versus Ryan Nugent-Hopkins in Canucks zone.
19:42 of 3rd period - Icing by Elias Lindholm.
19:43 of 3rd period - Carter Verhaeghe wins face-off versus Brayden Point in Stars zone.
Goals for this period are 0 for Canucks vs 1 for Stars.
Shots for this period are 7 for Canucks vs 10 for Stars.

Overtime #1


0:01 of 1st overtime period - Boone Jenner wins face-off versus Elias Lindholm in neutral zone.
0:39 of 1st overtime period - Shot by Elias Lindholm.
0:39 of 1st overtime period - Deflect By Timo Meier.
0:39 of 1st overtime period - Shot Misses the Net.
0:41 of 1st overtime period - Shot by Elias Lindholm.
0:41 of 1st overtime period - Shot Misses the Net.
0:43 of 1st overtime period - Shot by Gustav Forsling.
0:43 of 1st overtime period - Shot Misses the Net.
1:55 of 1st overtime period - Shot by Rickard Rakell.
1:55 of 1st overtime period - Stopped by Jeremy Swayman without a rebound.
1:56 of 1st overtime period - Brayden Point wins face-off versus Elias Lindholm in Canucks zone.
2:10 of 1st overtime period - Shot by Brayden Point.
2:10 of 1st overtime period - Stopped by Thatcher Demko without a rebound.
2:11 of 1st overtime period - Brayden Point wins face-off versus Elias Lindholm in Stars zone.
2:20 of 1st overtime period - Shot by Brayden Point.
2:20 of 1st overtime period - Shot Misses the Net.
2:22 of 1st overtime period - Shot by Bowen Byram.
2:22 of 1st overtime period - Shot Misses the Net.
2:24 of 1st overtime period - Shot by Mitch Marner.
2:24 of 1st overtime period - Shot Blocked by Gustav Forsling.
2:46 of 1st overtime period - Shot by Timo Meier.
2:46 of 1st overtime period - Stopped by Jeremy Swayman with a rebound.
3:12 of 1st overtime period - Shot by Mathew Barzal.
3:12 of 1st overtime period - Shot Misses the Net.
3:51 of 1st overtime period - Icing by Vincent Trocheck.
3:52 of 1st overtime period - Vincent Trocheck wins face-off versus Brayden Point in Stars zone.
3:52 of 1st overtime period - Vincent Trocheck is hit by Mitch Marner.
4:14 of 1st overtime period - Shot by Brayden Point.
4:14 of 1st overtime period - Stopped by Thatcher Demko without a rebound.
4:15 of 1st overtime period - Boone Jenner wins face-off versus Elias Lindholm in Stars zone.
4:25 of 1st overtime period - Off-side.
4:26 of 1st overtime period - Elias Lindholm wins face-off versus Boone Jenner in neutral zone.
4:40 of 1st overtime period - Shot by Ryan Nugent-Hopkins.
4:40 of 1st overtime period - Stopped by Thatcher Demko without a rebound.
4:41 of 1st overtime period - Boone Jenner wins face-off versus Elias Lindholm in Stars zone.
4:56 of 1st overtime period - Shot by Boone Jenner.
4:56 of 1st overtime period - Shot Blocked by Gustav Forsling.
Goals for this period are 0 for Canucks vs 0 for Stars.
Shots for this period are 3 for Canucks vs 2 for Stars.

ShootOut


5:00 of 1st overtime period - Round #1.
5:00 of 1st overtime period - Canucks, Mitch Marner.
5:00 of 1st overtime period - Shot Misses the Net.
5:00 of 1st overtime period - Stars, Elias Lindholm.
5:00 of 1st overtime period - Goal by Elias Lindholm.
5:00 of 1st overtime period - Round #2.
5:00 of 1st overtime period - Canucks, Brayden Point.
5:00 of 1st overtime period - Goal by Brayden Point.
5:00 of 1st overtime period - Stars, Timo Meier.
5:00 of 1st overtime period - Goal by Timo Meier.
5:00 of 1st overtime period - Round #3.
5:00 of 1st overtime period - Canucks, Martin Necas.
5:00 of 1st overtime period - Shot Misses the Net.